 Dungeon Crawl Stone Soup version 0.21.1-1-g345015fe64 (webtiles) character file.

2955 PikkenKukken the Ruffian (level 9, -6/84 HPs)
             Began as a Troll Monk on May 10, 2018.
             Was a Priest of Makhleb.
             Mangled by Joseph
             ... wielding a +4 quarterstaff of protection
              (17 damage)
             ... on level 8 of the Dungeon.
             The game lasted 00:41:16 (7979 turns).

PikkenKukken the Ruffian (Troll Monk)               Turns: 7979, Time: 00:41:17

Health: -6/84      AC:  7    Str: 21      XL:     9   Next: 52%
Magic:  10/10      EV: 11    Int: 10      God:    Makhleb [***...]
Gold:   191        SH:  0    Dex: 12 (14) Spells: 8/11 levels left

rFire    + . .     SeeInvis .     - Unarmed
rCold    x . .     Gourm    +   (no shield)
rNeg     . . .     Faith    +   a - +1 robe
rPois    .         Spirit   .   (helmet restricted)
rElec    .         Reflect  .   s - +0 cloak
rCorr    .         Harm     .   (gloves unavailable)
MR       .....                  (boots unavailable)
Stlth    +.........             h - amulet of faith
HPRegen  0.64/turn              d - ring of wizardry
MPRegen  0.12/turn              n - ring "Aguoruxu" {Fire Int+3}

@: confused, very slightly contaminated
A: large, unfitting armour, claws 3, fast metabolism 3, gourmand, regeneration
1, shaggy fur 1, tough skin 2
a: Minor Destruction, Lesser Servant of Makhleb, Renounce Religion


You were on level 8 of the Dungeon.
You worshipped Makhleb.
Makhleb was most pleased with you.
You were completely stuffed.

You visited 2 branches of the dungeon, and saw 9 of its levels.

You collected 403 gold pieces.
You spent 212 gold pieces at shops.

Inventory:

Hand Weapons
 b - a +0 hunting sling
Missiles
 c - 189 stones (quivered)
 j - 79 sling bullets
 y - 82 arrows
Armour
 a - a +1 robe (worn)
 s - a +0 cloak (worn)
 t - a +0 animal skin
Jewellery
 d - a ring of wizardry (left claw)
 h - an amulet of faith (around neck)
 n - the ring "Aguoruxu" (right claw) {Fire Int+3}
   (You found it on level 6 of the Dungeon)

   [ring of fire]

   It enhances your fire magic.
   It affects your intelligence (+3).
   It protects you from fire.
   It makes you vulnerable to cold.
 p - an uncursed ring of protection from fire
Wands
 f - a wand of flame (34)
 z - a wand of acid (9)
 A - a wand of iceblast (7)
 B - a wand of random effects (10)
 D - a wand of polymorph (14)
Scrolls
 g - 8 scrolls of remove curse
 i - 2 scrolls of enchant weapon
 k - 2 scrolls of fear
 l - a scroll of enchant armour
 m - 4 scrolls of identify
 o - 3 scrolls of blinking {unknown}
 r - a scroll of magic mapping {unknown}
 w - a scroll of silence {unknown}
Potions
 q - a potion of heal wounds
 u - 4 potions of curing
 v - a potion of magic {unknown}
 E - a potion of cancellation {unknown}
Books
 x - a book of Changes

   Spells                             Type                      Level
   a - Beastly Appendage              Transmutation                1
   b - Sticks to Snakes               Transmutation                2
   c - Spider Form                    Transmutation/Poison         3
   d - Ice Form                       Ice/Transmutation            4
   e - Blade Hands                    Transmutation                5
 C - a book of Frost

   Spells                             Type                      Level
   a - Freeze                         Ice                          1
   b - Throw Frost                    Conjuration/Ice              2
   c - Ozocubu's Armour               Charms/Ice                   3
   d - Throw Icicle                   Conjuration/Ice              4
   e - Summon Ice Beast               Ice/Summoning                4
Comestibles
 e - 24 rations


   Skills:
 + Level 4.2 Fighting
 + Level 5.0 Slings
 + Level 4.4 Dodging
 - Level 1.2 Stealth
 + Level 7.8 Unarmed Combat
 * Level 1.7 Spellcasting
 * Level 2.0 Transmutations
 * Level 2.8 Invocations


You had 8 spell levels left.
You knew the following spells:

 Your Spells              Type           Power        Failure   Level  Hunger
a - Sticks to Snakes      Tmut           #.......     9%          2    ###....
b - Beastly Appendage     Tmut           #.....       6%          1    ##.....


Dungeon Overview and Level Annotations

Branches:
Dungeon (8/15)             Temple (1/1) D:6            Lair (0/6) D:8

Altars:
Dithmenos
Elyvilon
Gozag
Hepliaklqana
Makhleb
Okawaru
Qazlal
Sif Muna
Trog
Uskayaw
Vehumet
Wu Jian
Yredelemnul
Lugonu

Shops:
D:6 ?%}!?   D:7 :(   D:8 *

Annotations:
D:8 Joseph


Innate Abilities, Weirdness & Mutations

You are too large for most types of armour.
You have claws for hands.
Your metabolism is lightning-fast.
You like to eat raw meat.
Your natural rate of healing is unusually fast.
You are covered in fur. (AC +1)
You have very tough skin. (AC +2)


Message History

You scratch Joseph but do no damage. Your claw misses Joseph.
Joseph is heavily wounded.
Joseph zaps a wand.
Your will is overpowered!
You are confused.
Joseph unwields an uncursed quarterstaff of protection.
Joseph wields an uncursed hunting sling.
Joseph shoots a sling bullet.
The sling bullet hits you.
* * * LOW HITPOINT WARNING * * *
You see here a sling bullet.
You bump into the rock wall.
Joseph zaps a wand.
Your will is overpowered!
You are more confused.
Joseph shoots a sling bullet.
The sling bullet hits you!
* * * LOW HITPOINT WARNING * * *
You see here a sling bullet.
Joseph unwields an uncursed hunting sling.
Joseph wields an uncursed quarterstaff of protection.
Joseph barely misses you.
You bump into the rock wall.
Joseph hits you with an uncursed quarterstaff of protection!
You die...

. ##......#####
.
.............>#
#
..####.######).#
########.# #..#
#........## #).#
####.........#
#..#
#((..(.......#
#...
#..@.((>(....#
#.##
#$..@#######.##
#.## ######
#..####.##
##.##.....
#..#....#
##.#....#
#...#.## ##..#.#
#..#.## ##.#.#.


You could see Joseph.

Vanquished Creatures
  The ghost of Mrkan the Grappler, a novice TrMo of Ru (D:6)
  A spriggan (D:7)
  The ghost of NullDivider the Charlatan, an amateur SpAr (D:4)
  A hungry ghost (D:8)
  2 ice beasts
  2 orc warriors (D:7)
  2 ogres
  2 centaurs
  A scorpion (D:7)
  A howler monkey (D:8)
  3 crimson imps
  2 hounds
  Crazy Yiuf (D:4)
  2 quasits
  3 orc priests
  15 orc wizards
  5 worker ants
  2 hound skeletons
  Robin (D:4)
  7 gnolls
  4 adders
  A shadow imp (D:5)
  An adder skeleton (D:8)
  4 worms
  5 dart slugs
  3 leopard geckos
  33 orcs
  A ball python (D:2)
  5 giant cockroaches
  14 goblins
  11 hobgoblins
  10 jackals
  4 quokkas
  10 bats
  3 frilled lizards
  6 kobolds
  A quokka zombie (D:5)
  4 rats
175 creatures vanquished.

Notes
Turn   | Place    | Note
-------+----------+-------------------------------------------
     0 | D:1      | PikkenKukken the Troll Monk began the quest for the Orb.
     0 | D:1      | Reached XP level 1. HP: 22/22 MP: 0/0
   161 | D:1      | Reached XP level 2. HP: 29/29 MP: 1/1
   648 | D:1      | Reached XP level 3. HP: 36/36 MP: 2/2
  1343 | D:2      | Reached XP level 4. HP: 44/44 MP: 3/3
  1874 | D:3      | Reached skill level 1 in Slings
  2083 | D:3      | Found a bloodstained altar of Trog.
  2143 | D:3      | Reached skill level 4 in Unarmed Combat
  2175 | D:3      | Reached XP level 5. HP: 53/53 MP: 4/4
  2613 | D:4      | Noticed Robin
  2715 | D:3      | Reached XP level 6. HP: 37/61 MP: 5/5
  2772 | D:4      | Killed Robin
  2944 | D:4      | Noticed NullDivider's ghost (amateur SpAr)
  3013 | D:4      | Killed NullDivider's ghost
  3013 | D:4      | Reached skill level 5 in Unarmed Combat
  3206 | D:4      | Found a runed door.
  3210 | D:4      | Noticed Crazy Yiuf
  3218 | D:4      | Killed Crazy Yiuf
  3398 | D:5      | Entered Level 5 of the Dungeon
  3502 | D:4      | Reached XP level 7. HP: 67/67 MP: 6/6
  4465 | D:6      | Found Fiabb's Magic Scroll Emporium.
  4472 | D:6      | Bought 3 scrolls of identify for 84 gold pieces
  4474 | D:6      | Found an iron altar of Okawaru.
  4668 | D:6      | Found Saeshrosm's Distillery.
  4674 | D:6      | Bought a potion of heal wounds for 65 gold pieces
  4674 | D:6      | Bought a potion of curing for 39 gold pieces
  4701 | D:6      | Noticed Mrkan's ghost (novice TrMo)
  4722 | D:6      | Killed Mrkan's ghost
  4722 | D:6      | Reached skill level 6 in Unarmed Combat
  4722 | D:6      | Reached XP level 8. HP: 34/78 MP: 7/7
  4799 | D:6      | Found Xiocvaot's Food Emporium.
  5156 | D:6      | Found a staircase to the Ecumenical Temple.
  5165 | Temple   | Entered the Ecumenical Temple
  5226 | Temple   | Became a worshipper of Makhleb the Destroyer
  5226 | Temple   | Reached * piety under Makhleb
  5226 | Temple   | Reached ** piety under Makhleb
  5363 | D:6      | Found Orchiteh's Magic Scroll Boutique.
  5399 | D:6      | Found Dimao's Gadget Emporium.
  5455 | D:6      | Learned a level 2 spell: Sticks to Snakes
  5588 | D:6      | Got a smoking brass ring
  5602 | D:6      | Found a hide-covered altar of Uskayaw.
  5603 | D:6      | Identified the ring "Aguoruxu" {Fire Int+3} (You found it on level 6 of the Dungeon)
  5721 | D:6      | Learned a level 1 spell: Beastly Appendage
  5953 | D:7      | Reached skill level 7 in Unarmed Combat
  5957 | D:7      | Reached skill level 1 in Invocations
  6243 | D:7      | Found a stormy altar of Qazlal.
  6283 | D:7      | Reached skill level 1 in Transmutations
  6283 | D:7      | Reached XP level 9. HP: 81/84 MP: 7/9
  6391 | D:7      | Found Jaxer's Weapon Shop.
  6643 | D:7      | Found a white marble altar of Elyvilon.
  6706 | D:7      | Reached skill level 1 in Spellcasting
  6761 | D:7      | Found Kaiquvo's Book Shoppe.
  7186 | D:7      | Found a basalt altar of Yredelemnul.
  7534 | D:8      | Reached *** piety under Makhleb
  7747 | D:8      | Found a staircase to the Lair.
  7800 | D:8      | Reached skill level 5 in Slings
  7899 | D:8      | Found Zatz's General Store.
  7926 | D:8      | Bought a scroll of identify for 24 gold pieces
  7952 | D:8      | Noticed Joseph
  7979 | D:8      | Mangled by Joseph

Skill      XL: |  1  2  3  4  5  6  7  8  9 |
---------------+----------------------------+-----
Slings         | 1 2 4 5 |  5.0
Fighting       | 3 4 |  4.2
Unarmed Combat | 4 5 6 7 |  7.8
Dodging        | 3 4 |  4.4
Invocations    | 1 2 |  2.8
Transmutations | 1 2 |  2.0
Spellcasting   | 1 |  1.7
Stealth        | |  1.2

Action                   |  1- 3 |  4- 6 |  7- 9 || total
-------------------------+-------+-------+-------++-------
Melee: Unarmed           |    57 |   150 |   246 ||   453
       Punch             |       |       |     8 ||     8
       Hunting sling     |       |       |     1 ||     1
       Headbutt          |       |       |     9 ||     9
       Kick              |       |       |    14 ||    14
 Fire: Hunting sling     |    35 |    50 |    95 ||   180
 Cast: Beastly Appendage |       |       |    23 ||    23
  Use: Scroll            |     5 |     3 |     3 ||    11
       Potion            |       |     8 |     1 ||     9
 Stab: Sleeping          |       |     2 |     1 ||     3
       Invisible         |       |     1 |       ||     1
  Eat: Chunk             |    16 |    20 |    50 ||    86
Armor: Robe              |    24 |    42 |    86 ||   152
       Skin              |       |    28 |       ||    28
Dodge: Dodged            |    20 |    77 |   124 ||   221
